 Seeded DCSS version 0.25.1-2-g60ff931df9 (webtiles) character file.

Game seed: 1026354106627488110 (custom seed)

2696 sahdkjhfkaj the Cleaver (level 9, -1/81 HPs)
             Began as a Deep Dwarf Fighter on Sept 30, 2020.
             Was a Believer of Makhleb.
             Slain by an unseen horror (2 damage)
             ... on level 7 of the Dungeon.
             The game lasted 00:07:48 (4573 turns).

sahdkjhfkaj the Cleaver (Deep Dwarf Fighter)        Turns: 4573, Time: 00:07:49

Health: -1/81      AC: 11    Str: 23    XL:     9   Next: 38%
Magic:  0/0        EV:  9    Int:  9    God:    Makhleb [**....]
Gold:   351        SH: 11    Dex: 12    Spells: 8/8 levels left

rFire    . . .     SeeInvis .   a - +0 war axe
rCold    . . .     Gourm    .   c - +0 kite shield
rNeg     . . .     Faith    +   b - +0 chain mail
rPois    .         Spirit   .   (no helmet)
rElec    .         Reflect  .   p - +0 cloak
rCorr    .         Harm     .   (no gloves)
MR       ++...                  (no boots)
Stlth    ..........             n - amulet of faith
HPRegen  0.00/turn              h - ring of protection from magic
MPRegen  0.07/turn              (no ring)

@: non-regenerating
A: damage resistance, heal wounds, sense surroundings 2, no regeneration
a: Heal Wounds, Minor Destruction, Renounce Religion


You were on level 7 of the Dungeon.
You worshipped Makhleb.
Makhleb was pleased with you.
You were hungry.

You visited 1 branch of the dungeon, and saw 7 of its levels.

You collected 351 gold pieces.

Inventory:

Hand Weapons
 a - a +0 war axe (weapon)
Armour
 b - a +0 chain mail (worn)
 c - a +0 kite shield (worn)
 p - a +0 cloak (worn)
Jewellery
 h - a ring of protection from magic (left hand)
 n - an amulet of faith (around neck)
Wands
 t - a wand of random effects (26)
Scrolls
 e - 6 scrolls of remove curse
 i - 2 scrolls of enchant weapon
 j - 2 scrolls of blinking
 k - 4 scrolls of immolation
 o - a scroll of random uselessness {unknown}
 q - a scroll of fog
 x - a scroll of identify
Potions
 d - 2 potions of might
 g - 6 potions of curing
 l - a potion of invisibility
 m - a potion of mutation
 r - a potion of berserk rage
 s - 3 potions of brilliance {unknown}
 u - a potion of flight {unknown}
 w - a potion of cancellation {unknown}
 z - 2 potions of haste
 A - a potion of ambrosia {unknown}
 B - a potion of heal wounds {unknown}
Comestibles
 f - 15 rations


   Skills:
 + Level 5.2 Fighting
 * Level 8.2 Axes
 + Level 6.1 Armour
 + Level 4.9 Dodging
 * Level 8.0 Shields


You had 8 spell levels left.
You didn't know any spells.
Your spell library was empty.

Dungeon Overview and Level Annotations

Branches:
Dungeon (7/15)             Temple (0/1) D:7

Altars:
Kikubaaqudgha
Makhleb
Vehumet
Yredelemnul


Innate Abilities, Weirdness & Mutations

You are resistant to damage.
You can heal yourself by infusing magical energy.
You passively map the area around you.
You do not regenerate.


Message History

Something completely misses you. Something hits you.
* * * LOW HITPOINT WARNING * * *
You hit something but do no damage. Something hits you but does no damage.
Something hits you but does no damage. Something hits you but does no damage.
Something hits you but does no damage. Something hits you.
Your shield and chain mail prevent you from hitting something.
Something hits you. You block something's attack. Something hits you.
* * * LOW HITPOINT WARNING * * *
You block something's attack. Something hits you but does no damage.
You block something's attack.
Unknown command.
Unknown command.
Your shield and chain mail prevent you from hitting something.
Something hits you but does no damage. Something hits you.
You die...

....#.).....#.##)...#........##
#'###....#..####....##........#
...##....##.........# #...#..##
.####....####.......####...<...#
.#.#......# #........##...##.###
..........###.............# ##
.................รท......###
........#..###...{......##
...........##...@...#....#
..............##..###...##
........###....#........#
........###.............#
#......##.#.............#
.#.............##....####
##....#........##.....#
####.###.....<.....#..#
###.##........#..#####


There were no monsters in sight!

Vanquished Creatures
  2 hippogriffs (D:7)
  Prince Ribbit (D:6)
  Menkaure (D:5)
  Edmund (D:6)
  A phantom (D:7)
  2 orc warriors
  An ogre (D:4)
  2 centaurs
  Blork the orc (D:5)
  A big kobold (D:7)
  A bullfrog (D:7)
  A scorpion (D:7)
  4 howler monkeys
  2 crimson imps
  6 hounds
  A bullfrog zombie (D:3)
  3 orc priests (D:7)
  A bullfrog skeleton (D:6)
  2 centaur skeletons
  3 orc wizards
  8 worker ants
  A hound zombie (D:5)
  2 hound skeletons
  Robin (D:3)
  A worker ant zombie (D:7)
  A howler monkey skeleton (D:4)
  6 adders
  An ooze (D:3)
  An adder skeleton (D:5)
  3 dart slugs
  4 leopard geckos
  17 orcs
  A bat (D:1)
  8 giant cockroaches
  10 goblins
  9 hobgoblins
  7 jackals
  5 quokkas
  3 ball pythons
  A ball python skeleton (D:5)
  3 frilled lizards
  14 kobolds
  A leopard gecko skeleton (D:5)
  6 rats
151 creatures vanquished.

Notes
Turn   | Place    | Note
-------+----------+-------------------------------------------
     0 | D:1      | sahdkjhfkaj the Deep Dwarf Fighter began the quest for the
                  | Orb.
     0 | D:1      | Reached XP level 1. HP: 20/20 MP: 1/1
   151 | D:1      | Reached XP level 2. HP: 26/28 MP: 2/2
   740 | D:2      | Reached XP level 3. HP: 23/34 MP: 3/3
  1349 | D:3      | Noticed Robin
  1368 | D:3      | Reached XP level 4. HP: 33/42 MP: 4/4
  1375 | D:3      | Killed Robin
  1395 | D:3      | Reached skill level 1 in Dodging
  1486 | D:3      | Reached XP level 5. HP: 37/49 MP: 5/5
  1987 | D:4      | Noticed a centaur
  1994 | D:4      | Killed a centaur
  1994 | D:4      | Reached XP level 6. HP: 39/56 MP: 6/6
  2015 | D:4      | Reached skill level 5 in Axes
  2149 | D:4      | Reached skill level 5 in Shields
  2169 | D:4      | Found a radiant altar of Vehumet.
  2169 | D:4      | Found a burning altar of Makhleb.
  2179 | D:4      | Became a worshipper of Makhleb the Destroyer
  2337 | D:5      | Entered Level 5 of the Dungeon
  2367 | D:5      | Reached XP level 7. HP: 63/63 MP: 5/5
  2515 | D:5      | Noticed Menkaure
  2528 | D:5      | Killed Menkaure
  2722 | D:5      | Found an ancient bone altar of Kikubaaqudgha.
  2896 | D:5      | Noticed Blork the orc
  2920 | D:5      | Killed Blork the orc
  2920 | D:5      | Reached * piety under Makhleb
  3232 | D:6      | Reached XP level 8. HP: 44/72 MP: 6/6
  3309 | D:6      | Reached skill level 5 in Armour
  3420 | D:6      | Noticed Edmund
  3449 | D:6      | Killed Edmund
  3514 | D:6      | Noticed Prince Ribbit
  3542 | D:6      | Killed Prince Ribbit
  3579 | D:6      | Found a basalt altar of Yredelemnul.
  3905 | D:7      | Noticed a hippogriff
  3931 | D:7      | Killed a hippogriff
  3964 | D:7      | Reached ** piety under Makhleb
  3983 | D:7      | Gained mutation: You passively map the area around you.
                  | [Deep Dwarf growth]
  3983 | D:7      | Reached XP level 9. HP: 52/80 MP: 3/3
  4011 | D:7      | Reached skill level 5 in Fighting
  4054 | D:7      | Found a staircase to the Ecumenical Temple.
  4559 | D:7      | HP: 3/81 [something (5)]
  4569 | D:7      | HP: 1/81 [something (1)]
  4573 | D:7      | Slain by an unseen horror

Illustrated notes

Levels and vault maps discovered:
D:1:      lemuel_arrival_tunnels, layout_loops_cross
D:2:      layout_basic
D:3:      layout_rooms, first_ration, serial_corexii_hall,
          corexii_hall_statues_i, corexii_hall_statues_l,
          chequers_hall_statues_corner_a, minmay_quadrilaterals, uniq_robin
D:4:      layout_cave_pools, grunt_temple_overflow_lords_of_destruction,
          dk_vineyard_2
D:5:      layout_cave_pods, kennysheep_mini, uniq_blork_the_orc, uniq_menkaure
D:6:      layout_rooms, yredelemnul_altar_generic, serial_curves,
          eino_curves_03, eino_curves_04, eino_curves_01, eino_curves_03,
          minivault_5, uniq_edmund, uniq_prince_ribbit1
D:7:      layout_cave_pools, tso_oasis_becter, kennysheep_little_box,
          minmay_temple_entry_glassed_door, grunt_ogre_cave

Skill      XL: |  1  2  3  4  5  6  7  8  9 |
---------------+----------------------------+-----
Fighting       | 3 4 5 |  5.2
Axes           | 3 4 5 6 7 8 |  8.2
Dodging        | 1 2 3 4 |  4.9
Shields        | 4 5 6 7 8 |  8.0
Armour         | 4 5 6 |  6.1

Action                   |  1- 3 |  4- 6 |  7- 9 || total
-------------------------+-------+-------+-------++-------
Melee: War axe           |   143 |   151 |   430 ||   724
 Abil: Heal Wounds       |     1 |     6 |    23 ||    30
  Use: Scroll            |     6 |     3 |     2 ||    11
  Eat: Chunk             |     2 |     3 |     8 ||    13
Armor: Chain mail        |    79 |    95 |   388 ||   562
       Scale mail        |     1 |       |       ||     1
Dodge: Dodged            |    38 |    61 |   153 ||   252
Block: Kite shield       |    84 |    90 |   336 ||   510
